 Dungeon Crawl Stone Soup version 0.30-b1-2-g02819fbbbe (webtiles) character file.

Game seed: 4155068829274794083

16 lmonn the Sneak (level 2, 0/14 HPs)
             Began as a Spriggan Brigand on May 15, 2023.
             Succumbed to a goblin's poison
             ... on level 1 of the Dungeon.
             The game lasted 00:01:56 (360 turns).

lmonn the Sneak (Spriggan Brigand)                   Turns: 360, Time: 00:01:56

Health: 0/14       AC:  3    Str:  7    XL:     2   Next: 37%
Magic:  3/3        EV: 16    Int: 12    God:
Gold:   11         SH:  0    Dex: 16    Spells: 1/1 levels left

rFire   . . .        a - +2 dagger
rCold   . . .        (no shield)
rNeg    . . .        b - +0 robe
rPois   .            (helmet restricted)
rElec   .            c - +0 cloak
rCorr   .            (gloves unavailable)
SInv    +            (boots unavailable)
Will    .....        (no amulet)
Stlth   +++          (no ring)
HPRegen 0.22/turn    (no ring)
MPRegen 0.08/turn

%: no passive effects
@: lethally poisoned (0 -> -7), very quick
A: very small, no large weapons, unfitting armour, see invisible, speed 3
a: no special abilities


You were on level 1 of the Dungeon.
You visited 1 branch of the dungeon, and saw 1 of its levels.

You collected 11 gold pieces.

Inventory:

Hand Weapons
 a - a +2 dagger (weapon)
Missiles
 d - 9 poisoned darts (quivered)
 e - 3 curare-tipped darts
Armour
 b - a +0 robe (worn)
 c - a +0 cloak (worn)
Scrolls
 f - 2 scrolls of fear {unknown}
 g - a scroll of torment {unknown}
 h - a scroll of identify {unknown}


   Skills:
 + Level 1.5 Fighting
 + Level 2.2 Short Blades
 + Level 2.1 Throwing
 + Level 1.5 Dodging
 + Level 6.7 Stealth


You had one spell level left.
You didn't know any spells.
Your spell library was empty.

Dungeon Overview and Level Annotations

Branches:
Dungeon (1/15)

Altars:

Shops:
D:1 !:


Innate Abilities, Weirdness & Mutations

You are very small and have problems with some larger weapons.
You are too small for most types of armour.
You have supernaturally acute eyesight. (SInv)
You cover ground extremely quickly. (Speed+++)


Message History

You hit the ball python.
The ball python is moderately wounded.
The ball python closely misses you. The ball python constricts you.
You hit the ball python.
You kill the ball python!
The goblin barely misses you.
The quokka twitches its whiskers.
You see here a ball python corpse.
The goblin closely misses you. The quokka closely misses you.
You hit the quokka.
The quokka is heavily wounded.
The goblin misses you.
The quokka bites you but does no damage.
You hit the quokka.
The quokka is severely wounded.
The goblin hits you with a +2 dagger of venom.
You are poisoned.
The quokka closely misses you.
You hit the quokka.
You kill the quokka!
You feel sick. The goblin barely misses you.
You feel sick.
You feel sick.
You hit the goblin.
The goblin is moderately wounded.
You feel sick. The goblin hits you but does no damage.
You barely miss the goblin.
The goblin is moderately wounded.
You feel sick.
The goblin hits you with a +2 dagger of venom.
You are lethally poisoned!
You hit the goblin. Your punch misses the goblin.
The goblin is heavily wounded.
* * * LOW HITPOINT WARNING * * *
You feel very sick.
The goblin hits you with a +2 dagger of venom.
* * * LOW HITPOINT WARNING * * *
You completely miss the goblin.
The goblin is heavily wounded.
You die...

#.##....#
#........##.#
#...###.
#........##.#
#.#.....
#..$.....##)#
#S#.###. #........
#.###.#.# #.
....... #.##..#.#
#. ....
#.##.##.#### #.##
#.#..##..... #@.#
#.#...g.....
#g.####...........
#:†##.............
##.##..g###.####..
#..#...# #.# #.#
##.....# #.# #.#
#...#.###.# #.#
#.#.#.....# #.#
#$..#.##....##.#


You could see a goblin.

Vanquished Creatures
  2 bats (D:1)
  A giant cockroach (D:1)
  2 goblins (D:1)
  A hobgoblin (D:1)
  2 quokkas (D:1)
  2 ball pythons (D:1)
  A kobold (D:1)
  3 rats (D:1)
14 creatures vanquished.

Notes
Turn   | Place    | Note
-------+----------+-------------------------------------------
     0 | D:1      | lmonn the Spriggan Brigand began the quest for the Orb.
     0 | D:1      | Reached XP level 1. HP: 10/10 MP: 2/2
    45 | D:1      | Reached skill level 6 in Stealth
    59 | D:1      | Found Itonyl's Book Boutique.
    75 | D:1      | Found Siuvun's Distillery.
   122 | D:1      | Reached XP level 2. HP: 14/14 MP: 3/3
   360 | D:1      | Succumbed to a goblin's poison

Illustrated notes

Levels and vault maps discovered:
D:1:      onia_arrival_handbag, layout_rooms, serial_shops,
          nicolae_book_shop_shelving, nicolae_shop_tiny_glass

Skill      XL: |  1 |
---------------+----+-----
Stealth        | 6 |  6.7
Fighting       | |  1.5
Short Blades   | |  2.2
Throwing       | |  2.1
Dodging        | |  1.5

Action                     || total
---------------------------++-------
  Melee: Dagger            ||    40
  Throw: Dart              ||     2
   Stab: Sleeping          ||     1
 Armour: Robe              ||    12
  Dodge: Dodged            ||    33
